 Dungeon Crawl Stone Soup version 0.29.1-12-g30fa7ad0bf (webtiles) character file.

Game seed: 14858490303313742643

333 LustLizard the Chopper (level 6, -1/51 HPs)
             Began as a Minotaur Monk on Jan 4, 2023.
             Was an Elder of Cheibriados.
             Slain by Sigmund
             ... wielding a +0 scythe
              (9 damage)
             ... on level 4 of the Dungeon.
             The game lasted 00:07:15 (3848 turns).

LustLizard the Chopper (Minotaur Monk)              Turns: 3848, Time: 00:07:16

Health: -1/51      AC:  5    Str: 34    XL:     6   Next: 27%
Magic:  5/5        EV: 13    Int: 23    God:    Cheibriados [****..]
Gold:   164        SH:  0    Dex: 22    Spells: 5/5 levels left

rFire   . . .      SeeInvis .   w - +0 war axe
rCold   . . .      Faith    .   (no shield)
rNeg    . . .      Spirit   .   o - +0 ring mail
rPois   .          Reflect  .   (helmet restricted)
rElec   .          Harm     .   (no cloak)
rCorr   .          Rampage  .   (no gloves)
Will    .....                   (no boots)
Stlth   ++........              (no amulet)
HPRegen 0.17/turn               e - +6 ring of intelligence
MPRegen 0.09/turn               j - +6 ring of strength

@: very slow
A: horns 2, retaliatory headbutt
a: Renounce Religion, Bend Time, Temporal Distortion, Slouch


You were on level 4 of the Dungeon.
You worshipped Cheibriados.
Cheibriados was greatly pleased with you.
You visited 1 branch of the dungeon, and saw 4 of its levels.
You also visited: Sewer.

You collected 164 gold pieces.

Inventory:

Hand Weapons
 a - a +0 hand axe
 w - a +0 war axe (weapon)
Missiles
 l - 43 stones (quivered)
 p - 5 poisoned darts
Armour
 b - a +0 robe
 o - a +0 ring mail (worn)
Jewellery
 e - a +6 ring of intelligence (left hand)
 j - a +6 ring of strength (right hand)
Scrolls
 d - 6 scrolls of identify {unknown}
 f - 2 scrolls of teleportation {unknown}
 h - 2 scrolls of enchant weapon {unknown}
 i - a scroll of noise {unknown}
 m - a scroll of vulnerability {unknown}
 n - a scroll of blinking {unknown}
 q - a scroll of amnesia {unknown}
Potions
 c - 2 potions of ambrosia
 g - 2 potions of curing {unknown}
 k - 3 potions of degeneration {unknown}
 r - 2 potions of mutation {unknown}
 s - a potion of cancellation {unknown}
 t - a potion of brilliance {unknown}
 u - 2 potions of heal wounds {unknown}
 v - a potion of haste {unknown}


   Skills:
 - Level 3.6 Fighting
 * Level 7.6 Axes
 + Level 2.9 Throwing
 - Level 3.2 Dodging
 - Level 1.5 Stealth


You had 5 spell levels left.
You didn't know any spells.
Your spell library contained the following spells:

 Spells                   Type           Power      Damage    Failure   Level
 Magic Dart               Conj           0%         1d3       22%         1
 Call Imp                 Summ           0%         N/A       32%         2
 Confusing Touch          Hex            0%         N/A       54%         3
 Gell's Gravitas          Tloc           0%         N/A       54%         3
 Mephitic Cloud           Conj/Pois/Air  0%         N/A       54%         3
 Teleport Other           Tloc           0%         N/A       54%         3
 Yara's Violent Unravell  Hex/Tmut       0%         3d3       99%         5
 Dispersal                Tloc           0%         N/A       100%        6
 Enfeeble                 Hex            0%         N/A       100%        7


Dungeon Overview and Level Annotations

Branches:
Dungeon (4/15)              Sewer (visited)
 Temple: D:4-7

Altars:
Cheibriados

Shops:
D:2 :

Annotations:
D:4 Sigmund


Innate Abilities, Weirdness & Mutations

You have a pair of horns on your head.
You reflexively headbutt those who attack you in melee.


Message History

A hobgoblin comes into view.
The hobgoblin shouts!
Sigmund gestures at you while chanting.
You are confused.
Sigmund mumbles some strange words.
Sigmund flickers and vanishes!
Deactivating autopickup; reactivate with Ctrl-A.
Things that are here:
a +0 dagger; a stone You bump into the rock wall.
Something hits you. The hobgoblin closely misses you.
You closely miss something. Your headbutt misses something.
You barely miss the hobgoblin. The hobgoblin barely misses you.
Something hits you but does no damage. Something hits you.
The hobgoblin attacks as you move away!
The hobgoblin closely misses you. x2; Something hits you.
You bump into the rock wall.
The hobgoblin hits you.
You slice the hobgoblin!!
You kill the hobgoblin!
Cheibriados appreciates the change of pace.
Cheibriados raises the support of your attributes as your movement slows.
You feel less confused.
You hear some strange, mumbled words.
Something tries to affect you, but you resist.
Something hits you!
Things that are here:
a +0 dagger; a stone You hit something but do no damage.
Your headbutt misses something. Something hits you!
You hit something but do no damage. Something hits you.
You closely miss something. Something hits you but does no damage.
You hit something. You headbutt something! You slash something!
Your headbutt misses something.
You hear some strange, mumbled words.
A puff of flame appears from out of thin air!
The puff of flame hits you!
You miss something. Your headbutt misses something. Something hits you!
* * * LOW HITPOINT WARNING * * *
You miss something. Something hits you!
You die...

#....##.#..........
#.#####.###..###...
# #.# #..# ##.#
##.### #..####...#
.#.....#.#
.####..#.# #..#..
##@#### #{.# #...#
....... #.........
#...........
........##..
##........ .
#.........


There were no monsters in sight!

Vanquished Creatures
  A necrophage (D:3)
  3 jellies (Sewer)
  3 river rats (D:3)
  4 adders
  A worm (D:3)
  4 dart slugs
  6 orcs
  15 ball pythons
  12 endoplasms
  7 giant cockroaches
  6 goblins
  10 hobgoblins
  4 jackals (D:3)
  3 quokkas (D:1)
  3 bats
  6 frilled lizards
  5 kobolds
  9 rats
102 creatures vanquished.

Notes
Turn   | Place    | Note
-------+----------+-------------------------------------------
     0 | D:1      | LustLizard the Minotaur Monk began the quest for the Orb.
     0 | D:1      | Reached XP level 1. HP: 19/19 MP: 0/0
    81 | D:1      | Reached skill level 4 in Axes
   146 | D:1      | Reached XP level 2. HP: 26/26 MP: 1/1
   659 | D:1      | Reached skill level 5 in Axes
   908 | D:1      | Reached XP level 3. HP: 25/31 MP: 2/2
  1515 | D:2      | Found a snail-covered altar of Cheibriados.
  1527 | D:2      | Became a worshipper of Cheibriados the Contemplative
  1527 | D:2      | Reached * piety under Cheibriados
  1527 | D:2      | Reached ** piety under Cheibriados
  1589 | D:2      | Found Wifoifach's Book Boutique.
  1608 | D:2      | Found a faded altar of an unknown god.
  2252 | D:3      | Found a glowing drain.
  2268 | D:3      | Reached skill level 1 in Throwing
  2268 | D:3      | Reached XP level 4. HP: 39/39 MP: 3/3
  2300 | D:3      | Reached *** piety under Cheibriados
  2301 | D:3      | Reached skill level 6 in Axes
  2353 | Sewer    | Entered a sewer
  2654 | Sewer    | Reached XP level 5. HP: 23/45 MP: 4/4
  2856 | Sewer    | Reached skill level 7 in Axes
  2864 | Sewer    | Found a viscous altar of Jiyva.
  2897 | Sewer    | Reached **** piety under Cheibriados
  3730 | D:3      | Reached XP level 6. HP: 47/51 MP: 5/5
  3829 | D:4      | Noticed Sigmund
  3848 | D:4      | Slain by Sigmund

Illustrated notes

Levels and vault maps discovered:
D:1:      lightli_arrival_statue_moat, layout_loops_ring, st_stairs_8,
          minmay_unequal
D:2:      kennysheep_six_static_rooms, layout_basic, basic_altar, serial_shops,
          nicolae_shop_behind_doors, hellmonk_ecumenical_altar_zigzags
D:3:      layout_basic, portal_sewer_entry_a, grunt_ministairs_14,
          minmay_misc_feat_square
D:4:      lemuel_castle_with_subvaults [lemuel_castle_interior_carwin_2],
          layout_rooms, nicolae_hepliaklqana_hippocampus, uniq_sigmund,
          uniq_pikel

Skill      XL: |  1  2  3  4  5 |
---------------+----------------+-----
Axes           | 4 5 6 7 |  7.6
Throwing       | 1 2 |  2.9
Fighting       | |  3.6
Dodging        | |  3.2
Stealth        | |  1.5

Action                   |  1- 3 |  4- 6 || total
-------------------------+-------+-------++-------
Melee: Hand axe          |    93 |    84 ||   177
       Headbutt          |    10 |    22 ||    32
       War axe           |       |    11 ||    11
       Punch             |       |     1 ||     1
Throw: Stone             |       |    11 ||    11
 Stab: Sleeping          |     4 |     2 ||     6
Armor: Robe              |     7 |       ||     7
       Ring mail         |     6 |    23 ||    29
Dodge: Dodged            |    40 |    69 ||   109
